 Dungeon Crawl Stone Soup version 0.19-a0-1049-g462a813 (webtiles) character file.

147626 poirepourri the Peltast (level 17, -1/177 HPs)
             Began as a Gargoyle Fighter on July 31, 2016.
             Was a Believer of Qazlal.
             Slain by a naga warrior
             ... wielding a +0 short sword
              (7 damage)
             ... on level 4 of the Snake Pit.
             The game lasted 01:04:50 (28402 turns).

poirepourri the Peltast (Gargoyle Fighter)         Turns: 28402, Time: 01:04:51

Health: -1/177     AC: 30    Str: 27    XL:     17   Next: 47%
Magic:  21/21      EV: -1    Int: 11    God:    Qazlal [**....]
Gold:   531        SH: 21    Dex: 11    Spells: 0 memorised, 16 levels left

rFire  . . .     SeeInvis .     a - +1 flail (crush)
rCold  . . .     Gourm    .     (armour currently unavailable)
rNeg   + + +     Faith    .     c - +1 shield
rPois  ∞         Spirit   .     (helmet currently unavailable)
rElec  +         Dismiss  .     (cloak currently unavailable)
rCorr  .         Reflect  +     (gloves currently unavailable)
SustAt .         Harm     .     (boots currently unavailable)
MR     +....     Clarity  +     r - +3 amulet of reflection
Stlth  +......... NoTele   +    I - ring "Tailir" {Wiz Dex+4}
                                F - ring "Kocim" {rElec rPois AC+2 Int+2}

@: tree-form, constricted, somewhat resistant to hostile enchantments, very
unstealthy
A: (big wings), (camouflage 0), clarity, clumsy 1, negative energy resistance 1,
robust 1, (electricity resistance), (unbreathing), petrification resistance, rot
immunity, AC +12
a: Upheaval, Renounce Religion


You were on level 4 of the Snake Pit.
You worshipped Qazlal.
Qazlal was pleased with you.
You were not hungry.
You were a tree.
You visited 6 branches of the dungeon, and saw 27 of its levels.
You also visited: Sewer, Bailey and Volcano.

You collected 2018 gold pieces.
You spent 1487 gold pieces at shops.

Inventory:

Hand Weapons
 a - a +1 flail of crushing (weapon)
 b - the +4 hand crossbow "Spiderslayer" {penet, rF+ Str+4}
   (You found it in a bailey)

   Ammo fired by it will pass through the targets it hits, potentially hitting
   all targets in its path until it reaches maximum range.
   It affects your strength (+4).
   It protects you from fire.
 B - a +0 demon blade of draining
Missiles
 q - 91 bolts
Armour
 c - a +1 shield (worn)
 f - a +0 pair of gloves (melded)
 g - the +4 ring mail of a Hundred Lives {rC+ Regen+}
   (You bought it in a shop on level 11 of the Dungeon)

   It protects you from cold.
   It increases your rate of regeneration.
 i - a +1 pair of boots (melded)
 p - a +1 helmet of intelligence (melded)
 y - a +0 cloak (melded)
 J - the +11 chain mail of Edwieck (melded) {Int+4}
   (You found it on level 6 of the Lair of Beasts)

   It affects your intelligence (+4).
 X - a +1 cloak of invisibility
Rods
 M - a +0 rod of clouds (12/12)
   (You took it off Nergalle on level 12 of the Dungeon)
Jewellery
 r - a +3 amulet of reflection (around neck)
 w - a +2 ring of dexterity
 F - the ring "Kocim" (left branch) {rElec rPois AC+2 Int+2}
   (You found it on level 6 of the Lair of Beasts)

   [ring of protection]

   It affects your AC (+2).
   It affects your intelligence (+2).
   It insulates you from electricity.
   It protects you from poison.
 G - an uncursed ring of fire
 I - the ring "Tailir" (right branch) {Wiz Dex+4}
   (You found it on level 6 of the Lair of Beasts)

   [ring of wizardry]

   It improves your spell success rate.
   It affects your dexterity (+4).
 S - an uncursed ring of ice {unknown}
 U - an uncursed ring of resist corrosion {unknown}
 Y - an uncursed ring of stealth
Wands
 d - a wand of lightning (0/15)
 l - a wand of heal wounds (0/9)
 n - a wand of paralysis (0/24)
 v - a wand of flame (37/48)
 z - a wand of iceblast (0/15)
 C - a wand of teleportation (3/9)
 D - a wand of random effects (17/48)
 E - a wand of teleportation (0/9)
 L - a wand of polymorph (0/24)
 N - a wand of enslavement (13/24)
 O - a wand of iceblast (1/15)
 R - a wand of disintegration (0/24)
 T - a wand of heal wounds (0/9)
Scrolls
 e - 15 scrolls of remove curse
 x - 7 scrolls of magic mapping
Potions
 j - 5 potions of lignification
 m - a potion of cure mutation
 t - a potion of flight
 u - a potion of ambrosia
 P - a potion of magic
Books
 k - a book of Battle

   Spells                             Type                      Level
   a - Infusion                       Charms                       1
   b - Shroud of Golubria             Charms/Translocation         2
   c - Song of Slaying                Charms                       2
   d - Spectral Weapon                Hexes/Charms                 3
   e - Regeneration                   Charms/Necromancy            3
 s - a book of Debilitation

   Spells                             Type                      Level
   a - Corona                         Hexes                        1
   b - Slow                           Hexes                        2
   c - Gell's Gravitas                Hexes/Translocation          3
   d - Inner Flame                    Hexes/Fire                   3
   e - Cause Fear                     Hexes                        4
   f - Leda's Liquefaction            Hexes/Earth                  4
 A - a book of Annihilations

   Spells                             Type                      Level
   a - Poison Arrow                   Conjuration/Poison           6
   b - Chain Lightning                Conjuration/Air              8
   c - Lehudib's Crystal Spear        Conjuration/Earth            8
   d - Glaciate                       Conjuration/Ice              9
   e - Fire Storm                     Conjuration/Fire             9
 H - a book of Power

   Spells                             Type                      Level
   a - Fulminant Prism                Conjuration/Hexes            4
   b - Iskenderun's Mystic Blast      Conjuration                  4
   c - Venom Bolt                     Conjuration/Poison           5
   d - Bolt of Magma                  Conjuration/Fire/Earth       5
   e - Iron Shot                      Conjuration/Earth            6
   f - Orb of Destruction             Conjuration                  7
   g - Spellforged Servitor           Conjuration/Summoning        7
 Q - a Grand Grimoire

   Spells                             Type                      Level
   a - Monstrous Menagerie            Summoning                    7
   b - Summon Greater Demon           Summoning                    7
   c - Malign Gateway                 Summoning/Translocation      7
   d - Summon Horrible Things         Summoning                    8
 V - a book of Unlife

   Spells                             Type                      Level
   a - Recall                         Summoning/Translocation      3
   b - Animate Dead                   Necromancy                   4
   c - Control Undead                 Necromancy                   4
   d - Cigotuvi's Embrace             Necromancy                   5
   e - Death Channel                  Necromancy                   6
   f - Simulacrum                     Ice/Necromancy               6
Comestibles
 o - 18 fruits
 K - 2 bread rations


   Skills:
 + Level 12.6 Fighting
 + Level 13.5 Maces & Flails
 + Level 10.3 Crossbows
 - Level 1.5 Throwing
 + Level 8.9 Armour
 + Level 12.5 Dodging
 - Level 0.2 Stealth
 + Level 17.0 Shields
 + Level 5.5 Invocations
 - Level 2.0 Evocations


You had 16 spell levels left.
You didn't know any spells.

Dungeon Overview and Level Annotations

Branches:
Dungeon (13/15)            Temple (1/1) D:7            Lair (6/6) D:11
 Shoals (1/4) Lair:2        Snake (4/4) Lair:4        Slime (0/5) Lair:6
    Orc (2/2) D:9             Elf (0/3) Orc:2
 Vaults: D:13-14

Altars:
Ashenzari
Cheibriados
Dithmenos
Elyvilon
Fedhas
Gozag
Hepliaklqana
Kikubaaqudgha
Makhleb
Nemelex Xobeh
Okawaru
Pakellas
Qazlal
Ru
Sif Muna
Trog
Uskayaw
Vehumet
Xom
Yredelemnul
Zin
The Shining One
Beogh
Jiyva
Lugonu

Shops:
D:4 =**   D:11 [   Orc:1 *   Orc:2 (!:(   Snake:1 (

Annotations:
Lair:5 exclusion: oklob plant
Shoals:1 exclusion: Roxanne, Roxanne


Innate Abilities, Weirdness & Mutations

You are resistant to torment.
((Your stone body is resilient. (AC +12)))
You are immune to poison.
((Your large and strong wings let you fly indefinitely.))
You resist negative energy. (rN+)
((You are resistant to electric shocks. (rElec)))
((You can survive without breathing.))
You are immune to petrification.
You are immune to rotting.
((Your skin changes colour to match your surroundings (Stealth+).))
You possess an exceptional clarity of mind.
You are clumsy. (Dex -2)
You are robust. (+10% HP)


Message History

The naga warrior is severely wounded.
You block the naga warrior's attack. The naga warrior constricts you.
Unknown command.
The naga warrior blocks your attack.
The naga warrior is severely wounded.
You block the naga warrior's attack. The naga warrior constricts you.
Unknown command.
The naga warrior blocks your attack.
The naga warrior is severely wounded.
You barely miss the naga warrior.
The naga warrior is severely wounded.
The naga warrior spits poison at you. The splash of poison hits you!
You resist.
* * * LOW HITPOINT WARNING * * *
The naga warrior constricts you.
Unknown command.
You hit the naga warrior.
The naga warrior is severely wounded.
The naga warrior hits you with a short sword!
You die...

###[###..# #.........#
.....##..# #.([....$#
......#..# ##[.....##
.........# #)[...##
.........## #######))...#
#........()####.....[(...##
..........).........))..##
.........(.....[)§..(....#
...#####.(....))♣)...(...#
...+ ##.....(§N....(....#
...## #......#(.'........#
....# #......##'#.......((.
.............................
...........................##
..........................##
##########...##.N.#########


You could see a naga warrior.

Vanquished Creatures
  9 greater nagas
  5 dire elephants (Lair:6)
  Azrael (Snake:3)
  Josephine (Lair:6)
  Snorg (D:12)
  The ghost of Aquadorian the Unseen, a journeyman SpEn of Hepliaklqana (Lair:5)
  16 naga warriors
  An ice dragon (Lair:5)
  6 hydras
  10 anacondas
  A centaur warrior (D:13)
  A death knight (D:11)
  6 death yaks (Lair:5)
  12 naga sharpshooters
  4 orc high priests (Orc:2)
  3 shock serpents
  Nergalle (D:12)
  An unseen horror (D:12)
  5 hill giants
  A phantasmal warrior (D:11)
  5 naga ritualists
  A mana viper (Snake:2)
  A necromancer (Lair:2)
  An oklob plant (Lair:4)
  2 ugly things
  5 orc knights
  3 deep elf magi
  4 orc sorcerers
  3 salamanders
  20 elephants
  5 guardian serpents
  A cyclops (D:11)
  A molten gargoyle (Volcano)
  31 black mambas
  31 naga magi
  A gargoyle (Volcano)
  9 spiny frogs
  5 komodo dragons
  2 trolls
  A polar bear (Lair:6)
  3 meliai (D:13)
  7 two-headed ogres
  6 blink frogs
  A spriggan (D:10)
  A wyvern (D:12)
  7 wraiths
  2 basilisks
  A vampire (D:9)
  36 yaks
  A human (D:10)
  6 fire elementals (Snake:3)
  3 hungry ghosts
  A steam dragon (D:9)
  Edmund (D:6)
  Menkaure (D:5)
  A soldier ant (D:12)
  10 hippogriffs
  2 mottled dragons
  7 wargs
  47 nagas
  A hell hound (Snake:3)
  15 water moccasins
  10 porcupines
  2 ice beasts
  2 sky beasts
  2 black bears
  41 orc warriors
  A wasp (D:9)
  19 ogres
  2 eyes of draining
  2 phantoms
  4 wolves (Lair:6)
  5 centaurs
  A necrophage (D:5)
  5 crocodiles
  Blork the orc (D:6)
  3 big kobolds
  14 giant frogs
  A wyvern zombie (D:12)
  A gnoll sergeant (D:3)
  2 scorpions (D:9)
  A water moccasin skeleton (D:6)
  8 wights
  2 electric eels
  3 howler monkeys
  6 crimson imps
  3 centaur zombies
  2 giant frog zombies
  3 hounds
  A quasit (D:9)
  An iron imp (D:7)
  4 centaur skeletons
  3 giant frog skeletons
  26 orc priests
  24 orc wizards
  10 iguanas
  3 polar bear simulacra (Lair:2)
  7 worker ants
  A killer bee zombie (D:8)
  21 sheep
  2 wolf simulacra (Lair:2)
  A hound zombie (D:5)
  3 hound skeletons
  18 adders
  11 gnolls
  28 river rats
  3 shadow imps
  3 oozes
  3 adder skeletons
  3 worms
  2 dart slugs
  8 giant geckos
  104 orcs
  2 ball pythons
  7 bats
  2 giant cockroaches
  9 goblins
  10 hobgoblins
  18 jackals
  7 quokkas
  A ball python skeleton (D:5)
  2 giant newts (D:3)
  A jackal skeleton (D:5)
  34 kobolds
  A quokka skeleton (D:5)
  15 rats
  6 river rat simulacra (Lair:2)
  12 fungi
  2 plants (Lair:6)
943 creatures vanquished.

Vanquished Creatures (collateral kills)
  A death yak (Lair:5)
  An orc knight (Orc:2)
  A black mamba (Snake:4)
  A naga mage (Snake:4)
  5 yaks (Lair:6)
  2 sheep (Lair:6)
11 creatures vanquished.

Vanquished Creatures (others)
  An orc warlord (Orc:2)
  2 naga warriors (Snake:4)
  A centaur warrior (D:13)
  4 naga sharpshooters
  A naga (Snake:3)
  6 centaurs
  5 orcs
  11 kobolds
  7 fungi
  6 plants
44 creatures vanquished.

Grand Total: 998 creatures vanquished

Notes
Turn   | Place    | Note
-------+----------+-------------------------------------------
     0 | D:1      | poirepourri the Gargoyle Fighter began the quest for the Orb.
     0 | D:1      | Reached XP level 1. HP: 14/14 MP: 1/1
   141 | D:1      | Reached XP level 2. HP: 20/20 MP: 2/2
   410 | D:1      | Reached XP level 3. HP: 22/24 MP: 3/3
   910 | D:2      | Reached XP level 4. HP: 17/30 MP: 4/4
  1326 | D:2      | Reached skill level 1 in Dodging
  1326 | D:2      | Reached XP level 5. HP: 34/34 MP: 5/5
  1461 | D:2      | Found a shadowy altar of Dithmenos.
  1812 | D:3      | Reached skill level 5 in Fighting
  2000 | D:3      | Found a glowing silver altar of Zin.
  2000 | D:3      | Found a shimmering altar of Xom.
  2001 | D:3      | Noticed an angel
  2067 | D:3      | Paralysed by a goblin for 3 turns
  2165 | D:3      | Found a faded altar of an unknown god.
  2193 | D:3      | Reached XP level 6. HP: 24/40 MP: 6/6
  2724 | D:4      | Found a glowing drain.
  2853 | Sewer    | Entered a sewer
  2939 | Sewer    | Reached XP level 7. HP: 45/45 MP: 7/7
  2969 | Sewer    | Found a white marble altar of Elyvilon.
  3053 | D:4      | Found Lassik's Jewellery Boutique.
  3058 | D:4      | Bought a +2 ring of dexterity for 97 gold pieces
  3499 | D:4      | Found Pyrhujyu's Assorted Antiques.
  3509 | D:4      | Found Foskesm's Assorted Antiques.
  3522 | D:4      | Bought a scroll of identify for 50 gold pieces
  3526 | D:4      | Bought a scroll of identify for 52 gold pieces
  3526 | D:4      | Bought a pair of boots for 117 gold pieces
  3634 | D:4      | Found a burning altar of Makhleb.
  3660 | D:5      | Entered Level 5 of the Dungeon
  3666 | D:5      | Noticed Menkaure
  3749 | D:5      | Reached skill level 5 in Maces & Flails
  3749 | D:5      | Reached XP level 8. HP: 37/51 MP: 8/8
  3869 | D:5      | Killed Menkaure
  3932 | D:5      | Found an ancient bone altar of Kikubaaqudgha.
  3932 | D:5      | Found a stormy altar of Qazlal.
  3933 | D:5      | Found a radiant altar of Vehumet.
  4233 | D:5      | Found a white marble altar of Elyvilon.
  4405 | D:5      | Found a basalt altar of Yredelemnul.
  4540 | D:5      | Became a worshipper of Qazlal Stormbringer
  4595 | D:6      | Reached skill level 5 in Dodging
  4764 | D:6      | Noticed Edmund
  4782 | D:6      | Killed Edmund
  4782 | D:6      | Reached XP level 9. HP: 57/57 MP: 9/9
  4812 | D:6      | Noticed Blork the orc
  4822 | D:6      | Killed Blork the orc
  4899 | D:6      | Found a sacrificial altar of Ru.
  5037 | D:6      | Reached skill level 1 in Evocations
  5120 | D:6      | Reached * piety under Qazlal
  5356 | D:7      | Noticed a red ugly thing
  5369 | D:7      | Killed a red ugly thing
  5557 | D:7      | Found a flagged portal.
  5639 | Bailey   | Entered a bailey
  5656 | Bailey   | Noticed an orc knight
  5672 | Bailey   | Killed an orc knight
  5774 | Bailey   | Got a smoking hand crossbow
  5775 | Bailey   | Identified the +4 hand crossbow "Spiderslayer" {penet, rF+ Str+4} (You found it in a bailey)
  5922 | D:7      | Reached XP level 10. HP: 55/64 MP: 11/11
  5926 | D:7      | Reached ** piety under Qazlal
  6272 | D:7      | Found a bloodstained altar of Trog.
  6505 | D:7      | Found a staircase to the Ecumenical Temple.
  6557 | D:7      | Found a snail-covered altar of Cheibriados.
  6570 | Temple   | Entered the Ecumenical Temple
  6804 | D:8      | Found a shadowy altar of Dithmenos.
  7235 | D:8      | Found a sparkling altar of Nemelex Xobeh.
  7235 | D:8      | Found an iron altar of Okawaru.
  7351 | D:8      | Noticed a deep elf mage
  7362 | D:8      | Killed a deep elf mage
  7795 | D:9      | Reached skill level 4 in Shields
  7809 | D:9      | Reached *** piety under Qazlal
  7869 | D:9      | Found a staircase to the Orcish Mines.
  8031 | D:9      | Reached skill level 5 in Shields
  8178 | D:9      | Reached XP level 11. HP: 71/71 MP: 12/12
  8336 | D:9      | Found a blossoming altar of Fedhas.
  8775 | D:9      | Identified a scroll of acquirement
  8924 | D:10     | Entered Level 10 of the Dungeon
  8924 | D:10     | Noticed a hill giant
  8935 | D:10     | Killed a hill giant
  8935 | D:10     | Reached skill level 6 in Shields
  9054 | D:10     | Found a shadowy altar of Dithmenos.
  9079 | D:10     | Noticed a deep elf mage
  9094 | D:10     | Killed a deep elf mage
  9102 | D:10     | Reached skill level 10 in Maces & Flails
  9611 | D:11     | Reached **** piety under Qazlal
  9671 | D:11     | Reached skill level 7 in Shields
  9703 | D:11     | Noticed a cyclops
  9718 | D:11     | Killed a cyclops
  9872 | D:11     | Found Acser's Armour Boutique.
  9880 | D:11     | Bought the +4 ring mail of a Hundred Lives {rC+ Regen+} for 494 gold pieces
  9933 | D:11     | Noticed a hill giant
  9952 | D:11     | Killed a hill giant
  9973 | D:11     | Found a staircase to the Lair.
  9989 | D:11     | Noticed a death knight
  9991 | D:11     | Noticed a phantasmal warrior
 10003 | D:11     | Killed a death knight
 10003 | D:11     | Reached skill level 8 in Shields
 10018 | D:11     | Killed a phantasmal warrior
 10032 | D:11     | Reached skill level 1 in Invocations
 10032 | D:11     | Reached XP level 12. HP: 51/77 MP: 7/13
 10050 | D:11     | Reached skill level 5 in Armour
 10353 | D:11     | Reached skill level 10 in Fighting
 10482 | D:12     | Noticed Snorg
 10500 | D:12     | Killed Snorg
 10528 | D:12     | Reached skill level 9 in Shields
 11015 | D:12     | Noticed Nergalle
 11026 | D:12     | Killed Nergalle
 11945 | D:13     | Noticed a six-headed hydra
 11955 | D:13     | Killed a six-headed hydra
 11987 | D:13     | Noticed a centaur warrior
 11994 | D:13     | Killed a centaur warrior
 11994 | D:13     | Reached skill level 10 in Shields
 12219 | D:13     | Noticed a centaur warrior
 12223 | D:13     | Killed a centaur warrior
 12223 | D:13     | Reached XP level 13. HP: 75/83 MP: 1/15
 12339 | D:13     | Reached skill level 11 in Shields
 12427 | Lair:1   | Entered Level 1 of the Lair of Beasts
 13634 | Lair:2   | Reached skill level 10 in Dodging
 13915 | Lair:2   | Found a staircase to the Shoals.
 14032 | Lair:2   | Found a dark tunnel.
 14052 | Volcano  | Entered a volcano
 14904 | Lair:3   | Found a shimmering altar of Xom.
 15120 | Lair:3   | Reached skill level 12 in Shields
 15563 | Lair:4   | Found a staircase to the Snake Pit.
 15968 | Lair:4   | Got a crude ring mail
 15971 | Lair:4   | Identified the +4 ring mail of Boacio {-Cast rPois rC+ MR+} (You found it on level 4 of the Lair of Beasts)
 16290 | Lair:4   | Gained mutation: You possess an exceptional clarity of mind. [potion of beneficial mutation]
 16502 | Lair:5   | Noticed Aquadorian's ghost (journeyman SpEn)
 16520 | Lair:5   | Killed Aquadorian's ghost
 16716 | Lair:5   | Noticed an ice dragon
 16716 | Lair:5   | a six-headed hydra changed into an ice dragon
 16726 | Lair:5   | Killed an ice dragon
 16816 | Lair:5   | Gained mutation: Your large and strong wings let you fly indefinitely. [Gargoyle growth]
 16816 | Lair:5   | Reached XP level 14. HP: 90/90 MP: 16/16
 17625 | Lair:5   | Reached skill level 13 in Shields
 17684 | Lair:5   | Found a blossoming altar of Fedhas.
 17875 | Lair:6   | Entered Level 6 of the Lair of Beasts
 17875 | Lair:6   | Found a viscous altar of Jiyva.
 17875 | Lair:6   | Found a staircase to the Slime Pits.
 18196 | Lair:6   | Noticed Josephine
 18575 | Lair:6   | Killed Josephine
 18581 | Lair:6   | Reached skill level 14 in Shields
 19039 | Lair:6   | Noticed a dire elephant
 19039 | Lair:6   | Noticed a dire elephant
 19050 | Lair:6   | Noticed a dire elephant
 19070 | Lair:6   | Noticed a dire elephant
 19079 | Lair:6   | Noticed a dire elephant
 19091 | Lair:6   | Killed a dire elephant
 19101 | Lair:6   | Killed a dire elephant
 19101 | Lair:6   | Reached XP level 15. HP: 33/96 MP: 12/18
 19266 | Lair:6   | Got a pitted jade ring
 19268 | Lair:6   | Got an ancient glass ring
 19273 | Lair:6   | Identified the ring "Kocim" {rElec rPois AC+2 Int+2} (You found it on level 6 of the Lair of Beasts)
 19275 | Lair:6   | Identified the ring "Tailir" {Wiz Dex+4} (You found it on level 6 of the Lair of Beasts)
 19278 | Lair:6   | Got a bloodstained chain mail
 19289 | Lair:6   | Identified the +11 chain mail of Edwieck {Int+4} (You found it on level 6 of the Lair of Beasts)
 19551 | Orc:1    | Entered Level 1 of the Orcish Mines
 19632 | Orc:1    | Found Yrasad's Assorted Antiques.
 19647 | Orc:1    | Bought a scroll labeled DOENON VEOMARPH for 26 gold pieces
 19647 | Orc:1    | Bought a grey potion for 23 gold pieces
 19647 | Orc:1    | Bought a potion of ambrosia for 208 gold pieces
 19677 | Orc:2    | Entered Level 2 of the Orcish Mines
 20037 | Orc:2    | Found a roughly hewn altar of Beogh.
 20082 | Orc:2    | Found Rafa's Weapon Emporium.
 20092 | Orc:2    | Found Kisuat's Distillery.
 20176 | Orc:2    | Bought 2 potions of agility for 112 gold pieces
 20176 | Orc:2    | Bought a potion of might for 56 gold pieces
 20176 | Orc:2    | Bought a potion of curing for 42 gold pieces
 20176 | Orc:2    | Bought a potion of curing for 42 gold pieces
 20176 | Orc:2    | Bought a potion of magic for 112 gold pieces
 20176 | Orc:2    | Bought a potion of agility for 56 gold pieces
 20404 | Orc:2    | Reached skill level 1 in Crossbows
 20711 | Orc:2    | Found a staircase to the Elven Halls.
 20782 | Orc:2    | Reached skill level 1 in Throwing
 20933 | Orc:2    | Noticed an orc warlord
 20943 | Orc:2    | Killed an orc warlord
 21079 | Orc:2    | Found a roughly hewn altar of Beogh.
 21261 | Orc:2    | Found Kualapnoux's Antique Weapon Emporium.
 21410 | Orc:2    | Found Horeawn's Book Shop.
 21843 | Shoals:1 | Entered Level 1 of the Shoals
 21843 | Shoals:1 | Noticed Roxanne
 22136 | Snake:1  | Entered Level 1 of the Snake Pit
 22215 | Snake:1  | Found Wyuvidgh's Antique Weapon Shoppe.
 22585 | Snake:1  | Reached skill level 15 in Shields
 23912 | Snake:2  | Noticed a greater naga
 23941 | Snake:2  | Noticed a greater naga
 23947 | Snake:2  | Reached skill level 5 in Crossbows
 23957 | Snake:2  | Killed a greater naga
 23968 | Snake:2  | Reached XP level 16. HP: 47/101 MP: 3/19
 24643 | Snake:2  | Killed a greater naga
 25662 | Snake:3  | Noticed Azrael
 25672 | Snake:3  | Killed Azrael
 26773 | Snake:3  | Reached skill level 16 in Shields
 27239 | Snake:4  | Entered Level 4 of the Snake Pit
 27318 | Snake:4  | Noticed a greater naga
 27355 | Snake:4  | Killed a greater naga
 27356 | Snake:4  | Noticed a greater naga
 27357 | Snake:4  | Noticed a greater naga
 27391 | Snake:4  | Reached skill level 5 in Invocations
 27444 | Snake:4  | Reached XP level 17. HP: 46/108 MP: 2/20
 27849 | Snake:4  | Reached skill level 10 in Crossbows
 28340 | Snake:4  | Reached skill level 17 in Shields
 28378 | Snake:4  | Gained mutation: You are robust. (+10% HP) [potion of mutation]
 28378 | Snake:4  | Gained mutation: You are clumsy. (Dex -2) [potion of mutation]
 28378 | Snake:4  | Gained mutation: Your skin changes colour to match your surroundings (Stealth+). [potion of mutation]
 28397 | Snake:4  | HP: 7/177 [naga warrior/short sword (5)]
 28402 | Snake:4  | Slain by a naga warrior

Vault maps used:
D:1:      dpeg_arrival_rhombi
D:2:      marbit_many_paths, grunt_ministairs_5
D:3:      grunt_temple_overflow_order_and_chaos_1, first_bread,
          ecumenical_altar_2, st_stairs_3
D:4:      makhleb_heckhound_becter, serial_shops, nicolae_shop_crystal, shop,
          shop, gup_sewer_entry_glass
D:5:      kennysheep_ying_yang, gammafunk_temple_overflow_claw, uniq_menkaure
D:6:      nicolae_ru_path_of_blood, uniq_edmund, uniq_blork_the_orc
D:7:      slow_altar_1, kennysheep_little_box, enter_bailey_2
D:8:      gammafunk_temple_overflow_pools, basic_altar
D:9:      nicolae_whirlpool, kennysheep_mini_moat, orc_0_dummy,
          kennysheep_small_square
D:10:     basic_altar, hangedman_stone_soup, minmay_item_behind_shaft
D:11:     erik_lair_orcish_takeover, serial_shops, nicolae_shop_stone
D:12:     grunt_ministairs_11, uniq_snorg, uniq_nergalle
Temple:   corrupted_temple
Lair:1:   eino_small_chamber_without_monster, patterned_corridor,
          serial_bayou_shore_b, grunt_megastairs_2
Lair:2:   statuecave_lemuel, elwin_shoals_entry_rocks,
          nicolae_volcano_entry_hallway, eino_house_with_fridge,
          grunt_megastairs_3
Lair:3:   basic_altar
Lair:4:   minmay_snake_entry_spellcaster, st_stairs_4
Lair:5:   tgw_fedhas, serial_bayou_shore_b, serial_bayou_shore_b
Lair:6:   due_jungle_book, slime_altar_1, serial_bayou_ford_a,
          grunt_megastairs_4, uniq_josephine
Shoals:1: argonaut_gorgonesque, uniq_roxanne
Snake:1:  serial_shops, nicolae_shop_crystal, lemuel_fruit_tree
Snake:2:  basic_stair_grate_trap
Snake:3:  library_closet, serial_bayou_shore_b, uniq_azrael
Snake:4:  snake_pit, nicolae_large_snake_swirl
Orc:1:    basic_altar, serial_shops, shop_statue
Orc:2:    pubby_orc_utopia, serial_shops
Sewer:    sewer_kobolds
Bailey:   bailey_axe_1, bailey
Volcano:  volcano_aerie

Skill      XL: |  1  2  3  4  5  6  7  8  9 10 11 12 13 14 15 16 17 |
---------------+----------------------------------------------------+-----
Fighting       | 4 5 6 7 8 9 10 11 12 | 12.6
Maces & Flails | 3 4 5 7 8 9 10 11 12 13 | 13.5
Dodging        | 1 2 4 5 6 7 8 9 10 11 12 | 12.5
Evocations     | 1 2 |  2.0
Shields        | 5 8 10 12 14 15 16 17 | 17.0
Armour         | 4 5 6 7 8 |  8.9
Invocations    | 1 3 4 5 |  5.5
Crossbows      | 5 9 10 | 10.3
Throwing       | 1 |  1.5
Stealth        | |  0.2

Action                   |  1- 3 |  4- 6 |  7- 9 | 10-12 | 13-15 | 16-18 || total
-------------------------+-------+-------+-------+-------+-------+-------++-------
Melee: Flail             |   145 |   278 |   401 |   873 |  1558 |   374 ||  3629
       Hand crossbow     |       |       |       |       |     9 |       ||     9
 Fire: Hand crossbow     |       |       |       |       |   315 |   558 ||   873
Invok: Upheaval          |       |       |       |    20 |    37 |    17 ||    74
       Elemental Force   |       |       |       |     1 |     5 |     3 ||     9
Evoke: Wand              |       |       |    14 |    12 |    21 |     3 ||    50
  Use: Scroll            |     2 |    12 |     8 |     5 |    24 |     3 ||    54
       Potion            |     2 |       |     8 |     5 |    27 |    10 ||    52
 Stab: Invisible         |       |       |     5 |       |     7 |       ||    12
       Paralysed         |       |       |    13 |     5 |     5 |       ||    23
       Distracted        |       |       |       |       |     1 |     1 ||     2
  Eat: Bread ration      |       |     1 |     1 |     1 |     4 |     3 ||    10
       Meat ration       |       |     1 |     1 |     3 |     3 |       ||     8
       Fruit             |       |       |     1 |     2 |     2 |     1 ||     6
       Royal jelly       |       |       |     1 |       |     1 |       ||     2
       Beef jerky        |       |       |       |     1 |     1 |     1 ||     3
       Pizza             |       |       |       |       |     2 |       ||     2
Armor: Scale mail        |   101 |   149 |   203 |   157 |       |       ||   610
       Ring mail         |       |       |       |   100 |   441 |       ||   541
       Chain mail        |       |       |       |       |   162 |   261 ||   423
       Skin              |       |       |       |       |       |    18 ||    18
Dodge: Dodged            |    66 |   113 |   158 |   257 |   748 |   244 ||  1586
       Deflected         |       |       |       |       |     3 |     8 ||    11
Block: Shield            |   113 |   200 |   356 |   862 |  2158 |   865 ||  4554
       Reflection        |       |     5 |    83 |    54 |    39 |   145 ||   326
